 Dungeon Crawl Stone Soup version 0.16-a0-395-g6404e95 (console) character file.

399 gw the Magician (level 6, 0/30 HPs)
             Began as a Spriggan Venom Mage on Sept 14, 2014.
             Killed by nerve-wracking pain
             ... invoked by a shadow imp
              (3 damage)
             ... on Level 5 of the Dungeon.
             The game lasted 00:02:44 (5856 turns).

gw the Magician (Spriggan Venom Mage)               Turns: 5856, Time: 00:02:44

HP   0/30        AC  3     Str  4      XL: 6   Next: 54%
MP   1/21        EV 20     Int 18      God:
Gold 190         SH  0     Dex 17      Spells:  3 memorised,  6 levels left

rFire  . . .     SeeInvis +     a - +0 cutlass
rCold  . . .     Clarity  .     h - +0 robe
rNeg   . . .     rCorr    .     (shield restricted)
rPois  .         rRot     .     (helmet restricted)
rElec  .         Spirit   .     l - +0 cloak
SustAb .         Warding  .     (gloves unavailable)
rMut   .         Stasis   .     (boots unavailable)
Gourm  .                        (no amulet)
MR     +....                    (no ring)
                                (no ring)

@: very quick, somewhat resistant to hostile enchantments, fairly stealthy
A: unfitting armour, see invisible, herbivore 3, speed 3, slow metabolism 2,
placid magic 1
a: no special abilities


You were on level 5 of the Dungeon.
You were not hungry.

You visited 1 branch of the dungeon, and saw 5 of its levels.

You collected 190 gold pieces.

Inventory:

Hand weapons
 a - a +0 cutlass (weapon)
Missiles
 j - 148 stones (quivered)
 o - 18 sling bullets
Armour
 h - a +0 robe (worn)
 l - a +0 cloak (worn)
Comestibles
 f - 4 bread rations
 k - 3 royal jellies
 s - a slice of pizza
Scrolls
 d - 3 scrolls of remove curse
 e - 5 scrolls of identify
 g - a scroll of immolation
 i - a scroll of amnesia
 n - 3 scrolls of teleportation
 p - a scroll of fog {unknown}
Potions
 c - a potion of porridge
Books
 b - a Young Poisoner's Handbook

   Spells                             Type                      Level
   *Sting                             Conjuration/Poison           1
   Cure Poison                        Poison                       2
   *Mephitic Cloud                    Conjuration/Poison/Air       3
   Olgreb's Toxic Radiance            Poison                       4
   *Venom Bolt                        Conjuration/Poison           5
 m - a book of Flames

   Spells                             Type                      Level
   Flame Tongue                       Conjuration/Fire             1
   Throw Flame                        Conjuration/Fire             2
   Conjure Flame                      Conjuration/Fire             3
   Inner Flame                        Hexes/Fire                   3
   Sticky Flame                       Conjuration/Fire             4
   Fireball                           Conjuration/Fire             5


   Skills:
 + Level 2.0 Fighting
 + Level 2.1 Short Blades
 + Level 4.7 Dodging
 - Level 3.0 Stealth
 + Level 5.3 Spellcasting
 * Level 5.2 Poison Magic


You had 6 spell levels left.
You knew the following spells:

 Your Spells              Type           Power        Failure   Level  Hunger
a - Sting                 Conj/Pois      #...         2%          1    None
b - Mephitic Cloud        Conj/Pois/Air  #.......     11%         3    ###....
c - Venom Bolt            Conj/Pois      #.........   92%         5    #####..


Dungeon Overview and Level Annotations

Branches:
Dungeon (5/15)
 Temple: D:4-7

Altars:
The Shining One


Innate Abilities, Weirdness & Mutations

You are tiny and cannot use many weapons and most armour.
You have supernaturally acute eyesight.
You are a herbivore.
You cover ground extremely quickly.
You need consume almost no food.
Your spells are a little easier to cast, but a little less powerful.


Message History

Aiming: Sting
Press: ? - help, Shift-Dir - straight line, f/p - shadow imp
Aim: a shadow imp (lightly wounded)
The sting hits the shadow imp.
The shadow imp appears unharmed.
The shadow imp is lightly wounded.
The shadow imp hits you.
Casting: Sting
Confirm with . or Enter, or press ? or * to list all spells.
Aiming: Sting
Press: ? - help, Shift-Dir - straight line, f/p - shadow imp
Aim: a shadow imp (lightly wounded)
The sting hits the shadow imp.
The shadow imp appears unharmed.
The shadow imp is lightly wounded.
The shadow imp closely misses you.
ATTACK MOVE TO (1,0)
You hit the shadow imp but do no damage.
The shadow imp is lightly wounded.
The shadow imp gestures at you. Pain shoots through your body!
You die...

#.
#..##############
#?...$...........
##................
#.......i5.........
+%##...###.###....
#.. #.# #. #.# #
#># ###.# #...#
#.### #.# ...


You could see a shadow imp.

Table legend:
 A = Turns spent in this place as a percentage of turns spent in the entire game.
 B = Non-inter-level travel turns spent in this place as a percentage of non-inter-level travel turns spent in the entire game.
 C = Inter-level travel turns spent in this place as a percentage of turns spent in this place.
 D = Turns resting spent in this place as a percentage of non-inter-level travel turns spent in this place.
 E = Turns spent auto-exploring this place as a percentage of non-inter-level travel turns spent in this place.
 F = Non-inter-level travel turns spent in this place divided by the number of levels of this place that you've seen.
                   A       B       C       D       E      F
               +-------+-------+-------+-------+-------+----------------------
         Total | 100.0 | 100.0 |   0.4 |  12.2 |  10.5 | 302.0
       Dungeon | 100.0 | 100.0 |   0.4 |  12.2 |  10.5 | 302.0
               +-------+-------+-------+-------+-------+----------------------

Table legend:
 A = Kills in this place as a percentage of kills in entire the game.
 B = Kills by you in this place as a percentage of kills by you in the entire game.
 C = Kills by friends in this place as a percentage of kills by friends in the entire game.
 D = Other kills in this place as a percentage of other kills in the entire game.
 E = Experience gained in this place as a percentage of experience gained in the entire game.
 F = Experience gained in this place divided by the number of levels of this place that you have seen.
                   A       B       C       D       E      F
               +-------+-------+-------+-------+-------+----------------------
         Total | 100.0 | 100.0 |  -nan |  -nan | 100.0 | 114.2
       Dungeon | 100.0 | 100.0 |  -nan |  -nan | 100.0 | 114.2
               +-------+-------+-------+-------+-------+----------------------

Vanquished Creatures
  An ogre (D:4)
  A scorpion (D:4)
  An iguana (D:4)
  A hound (D:4)
  A worker ant (D:4)
  8 adders
  4 worms
  3 giant geckos
  2 oozes
  4 orcs (D:3)
  A ball python (D:2)
  6 giant cockroaches
  12 goblins
  4 hobgoblins
  3 jackals (D:3)
  13 bats
  A giant gecko skeleton (D:4)
  5 giant newts
  A goblin skeleton (D:4)
  A goblin zombie (D:5)
  6 kobolds
  13 rats
  A rat zombie (D:5)
93 creatures vanquished.

Notes
Turn   | Place    | Note
--------------------------------------------------------------
     0 | D:1      | gw, the Spriggan Venom Mage, began the quest for the Orb.
     0 | D:1      | Reached XP level 1. HP: 9/9 MP: 4/4
   607 | D:1      | Reached XP level 2. HP: 13/13 MP: 0/8
  1442 | D:1      | Learned a level 1 spell: Sting
  1581 | D:2      | Reached XP level 3. HP: 17/17 MP: 0/11
  1670 | D:2      | Learned a level 3 spell: Mephitic Cloud
  2038 | D:2      | Reached skill level 1 in Fighting
  2328 | D:2      | Reached skill level 1 in Short Blades
  2328 | D:2      | Reached XP level 4. HP: 20/22 MP: 7/15
  2752 | D:2      | Gained mutation: Your spells are a little easier to cast, but a little less powerful. [potion of mutation]
  2752 | D:2      | Gained mutation: You are clumsy. (Dex -2) [potion of mutation]
  2752 | D:2      | Lost mutation: You are clumsy. (Dex -2) [potion of mutation]
  4141 | D:4      | Reached XP level 5. HP: 23/25 MP: 7/18
  4215 | D:4      | Learned a level 5 spell: Venom Bolt
  4268 | D:4      | Noticed an ogre
  4278 | D:4      | Killed an ogre
  4518 | D:4      | Reached skill level 5 in Poison Magic
  4568 | D:4      | Found a glowing golden altar of the Shining One.
  4625 | D:4      | Reached XP level 6. HP: 28/30 MP: 15/20
  4855 | D:4      | Reached skill level 5 in Spellcasting
  5683 | D:5      | Entered Level 5 of the Dungeon
  5856 | D:5      | Killed from afar by a shadow imp

Action                   |  1- 3 |  4- 6 || total
-------------------------+-------+-------++-------
Melee: Club              |     3 |       ||     3
       Dagger            |     3 |       ||     3
       Cutlass           |       |    18 ||    18
 Cast: Sting             |   103 |   236 ||   339
  Use: Scroll            |     4 |     5 ||     9
       Potion            |       |     5 ||     5
  Eat: Bread ration      |       |     1 ||     1

Vault maps used:
D:1:      ncdulo_smallfort, hangedman_decor_slide_cut, minmay_door_square,
          minmay_misc_feat_five
D:2:      kennysheep_donut
D:3:      first_bread
D:4:      kennysheep_little_box
D:5:      nicolae_overflow_hidden_temple, bloody_makhleb,
          minmay_temple_entry_glassed_door
